Map: Beckett Industries LE

Players

YouGoudaLose - Winner!

  • Race: Terran Terran
  • League: Diamond

RustR

  • Race: Zerg Zerg
  • League: Gold

VOD

Have the link to the VOD?

Description

Time

  • Played on: April 16, 2021, 1:53 a.m.
  • Length: 39:40
Show
View Real Time Build Order
Export as new Build Order

YouGoudaLose Terran - Winner!

Build Orders:  

Get SALT Encoding   

  12  0:00  SCV  
  13  0:12  SCV  
  14  0:24  SCV  
  14  0:25  Supply Depot  
  15  0:47  SCV  
  16  0:51  Refinery  
  16  0:54  Refinery  
  16  0:55  Barracks  
  16  1:12  SCV  
  16  1:13  Supply Depot  
  17  1:25  SCV  
  18  1:37  SCV  
  18  1:38  Supply Depot  
  19  1:49  SCV, Supply Depot  
  20  1:56  Supply Depot  
  20  1:58  Bunker  
  20  2:03  SCV  
  20  2:06  Reaper  
  22  2:09  Supply Depot  
  22  2:15  SCV  
  23  2:27  SCV, Factory  
  25  2:46  Orbital Command  
  25  2:49  Marine  
  25  3:11  Command Center  
  25  3:17  SCV  
  26  3:27  Starport  
  26  3:29  SCV, Factory Tech Lab  
  27  3:41  SCV  
  28  3:50  Engineering Bay  
  28  3:53  SCV  
  29  4:04  Fusion Core  
  29  4:19  Marine  
  29  4:22  Banshee  
  33  4:27  Planetary Fortress  
  33  4:33  Supply Depot  
  33  4:44  Factory Tech Lab  
  33  5:08  Battlecruiser  
  33  5:13  SCV  
  33  5:14  SCV  
  41  5:19  Refinery  
  41  5:26  SCV x2, Refinery  
  43  5:38  SCV  
  44  5:58  Command Center  
  44  6:00  Supply Depot  
  44  6:01  Supply Depot  
  44  6:09  Factory  
  44  6:12  Battlecruiser, Factory Tech Lab  
  44  6:13  Starport  
  50  6:56  Liberator  
  50  6:58  Factory Tech Lab  
  44  7:16  Liberator  
  47  7:39  Viking  
  47  7:43  SCV x2  
  51  7:45  SCV  
  51  7:48  Missile Turret  
  52  7:55  SCV x2  
  52  7:57  SCV  
  49  8:02  Missile Turret  
  49  8:05  Missile Turret  
  52  8:06  Missile Turret  
  52  8:07  SCV  
  52  8:08  SCV  
  52  8:09  SCV, Missile Turret  
  52  8:10  Viking x2  
  56  8:19  SCV  
  57  8:20  SCV  
  57  8:21  SCV  
  57  8:22  Marine  
  60  8:32  SCV x2  
  60  8:33  SCV, Supply Depot  
  63  8:39  Marine  
  63  8:40  Viking  
  63  8:41  Armory  
  66  8:42  Viking  
  66  8:44  SCV x2  
  70  9:10  Viking  
  70  9:12  Viking  
  74  9:21  Missile Turret  
  74  9:40  Viking  
  74  9:41  Planetary Fortress  
  74  9:42  Viking, Missile Turret  
  74  9:43  Missile Turret  
  74  9:45  SCV x2  
  80  9:46  Refinery  
  80  9:47  Missile Turret, Refinery  
  80  9:50  Hellion  
  80  9:52  Hellion  
  84  9:57  SCV x2  
  86  10:09  SCV, Sensor Tower  
  87  10:15  Hellion x2  
  87  10:18  SCV  
  92  10:21  SCV  
  92  10:25  Factory  
  93  10:36  Hellion  
  93  10:41  Command Center  
  95  11:06  Thor  
  95  11:09  Factory Tech Lab  
  101  11:16  Factory  
  101  11:20  Ghost Academy  
  101  11:21  Ghost Academy  
  101  11:24  Starport Tech Lab  
  99  12:02  Siege Tank x2  
  99  12:17  Factory Tech Lab  
  99  12:19  Command Center  
  99  12:22  Personal Cloaking  
  99  12:23  Thor, Nuke  
  99  12:25  Supply Depot  
  99  12:27  SCV x2  
  99  12:29  Supply Depot  
  107  12:33  SCV  
  107  12:34  Thor  
  107  12:35  Siege Tank  
  117  12:47  SCV x2  
  119  12:52  Medivac  
  120  13:06  Thor x2  
  132  13:15  Barracks Tech Lab  
  132  13:30  Medivac  
  132  13:32  Missile Turret  
  134  13:48  Nuke  
  134  13:57  Thor x2  
  146  14:16  Thor, Supply Depot  
  152  14:17  Supply Depot  
  152  14:24  Supply Depot x2  
  152  14:25  Supply Depot  
  152  14:28  Factory  
  152  14:32  Factory, Medivac  
  152  14:33  Ghost  
  152  14:37  Thor  
  162  15:00  Siege Tank  
  162  15:01  Ghost, Siege Tank x2  
  162  15:02  Medivac  
  175  15:20  Thor  
  181  15:30  Ghost  
  181  15:32  Thor  
  169  16:25  Nuke  
  169  16:42  Nuke  
  169  17:01  Refinery  
  169  17:02  Refinery  
  169  17:05  Command Center  
  169  17:06  Command Center  
  126  17:41  Factory Tech Lab  
  126  17:42  Factory Tech Lab, Thor x2  
  126  17:43  Thor x2  
  103  18:25  Thor x3  
  103  18:26  Thor  
  125  18:31  Thor  
  137  18:36  Command Center  
  137  18:57  Nuke x2  
  137  19:00  Ghost  
  139  19:08  Thor  
  143  19:13  Siege Tank  
  143  19:14  Siege Tank x2  
  137  19:47  Siege Tank x3  
  146  19:55  Ghost  
  145  20:26  Planetary Fortress  
  145  20:34  Refinery  
  145  20:38  Missile Turret  
  142  20:43  Nuke  
  142  21:26  Nuke  
  126  21:37  SCV x3  
  123  21:45  Refinery  
  123  21:47  Ghost, Command Center, Refinery  
  123  21:49  SCV x3  
  126  22:00  Hellion x6  
  126  22:01  SCV x2  
  139  22:02  Command Center  
  140  22:13  SCV  
  140  22:15  Ghost, Sensor Tower  
  141  22:21  Hellion x6  
  155  22:25  SCV  
  168  22:44  Ghost  
  164  22:54  Hellion x4  
  164  22:55  Hellion x2  
  170  22:59  Nuke x2  
  164  23:16  Hellion x6  
  156  23:36  Medivac  
  156  23:37  Hellion x2  
  162  23:57  Nuke  
  162  23:59  Refinery x2  
  162  24:06  Medivac  
  162  24:24  Thor  
  162  24:25  Thor x2  
  147  25:35  Raven  
  147  25:37  Raven  
  136  26:18  Raven  
  136  26:21  SCV  
  133  26:27  Command Center  
  129  26:33  SCV  
  110  27:00  Thor x2  
  92  27:22  Siege Tank  
  95  27:27  SCV  
  96  27:39  SCV  
  96  27:40  Planetary Fortress  
  97  27:51  SCV  
  98  28:03  SCV  
  91  28:15  SCV  
  91  28:18  Missile Turret  
  92  28:24  Hellion x2  
  92  28:25  Hellion x4  
  104  28:29  Command Center  
  104  28:30  Command Center  
  104  28:36  Planetary Fortress  
  104  28:46  Hellion x6  
  116  28:52  SCV  
  117  29:02  Raven  
  119  29:04  SCV  
  119  29:07  Hellion x6  
  119  29:08  Refinery x2  
  132  29:16  SCV  
  133  29:28  SCV, Hellion  
  133  29:29  Hellion  
  138  29:38  Refinery  
  138  29:41  SCV  
  116  30:01  Thor  
  116  30:02  Thor x2  
  134  30:09  Planetary Fortress  
  134  30:15  Missile Turret  
  134  30:29  Nuke  
  134  30:32  Ghost  
  136  30:44  Planetary Fortress  
  136  30:55  Hellion x2, Siege Tank  
  136  30:56  Hellion x3  
  147  31:01  Ghost  
  149  31:17  Hellion, Thor  
  114  32:27  Thor x5  
  144  32:42  Raven  
  146  32:48  SCV  
  146  32:49  Hellion  
  149  33:02  Command Center  
  149  33:08  Planetary Fortress  
  149  33:10  Hellion x5  
  149  33:11  Hellion  
  161  33:21  Command Center  
  161  33:31  Hellion x2  
  161  33:32  Hellion x4  
  172  33:53  Hellion x3, Siege Tank  
  179  34:14  Raven x2  
  162  34:52  Hellion x3  
  166  34:53  Hellion x3  
  166  34:57  Raven x2  
  164  35:13  Hellion  
  164  35:14  Hellion x3  
  162  35:22  Hellion  
  162  35:23  Hellion  
  166  35:35  Hellion x4, Ghost  
  162  35:40  Raven  
  148  35:44  Hellion x2  
  152  35:56  Hellion x3  
  154  35:57  Hellion  
  134  36:04  Ghost  
  134  36:05  Hellion x2  
  134  36:06  SCV  
  141  36:13  Command Center  
  141  36:18  Hellion x4  
  149  36:27  Hellion x2  
  153  36:33  Ghost  
  153  36:39  Hellion x2  
  127  37:09  Hellion x6  
  139  37:20  Refinery  
  139  37:21  Refinery  
  139  37:29  Nuke x2  
  139  37:30  Hellion  
  139  37:31  Hellion x5, Planetary Fortress  
  151  37:52  Hellion x6  
  163  38:13  Hellion x4  
  163  38:14  Hellion x2  
  172  38:23  Banshee x2  
  174  38:34  Hellion  
  174  38:35  Hellion x2  
Show
View Real Time Build Order
Export as new Build Order

RustR Zerg 

Build Orders: Hatch First 

Get SALT Encoding   

  12  0:00  Drone  
  13  0:09  Drone  
  14  0:19  Overlord  
  14  0:37  Drone  
  14  0:38  Drone  
  16  0:52  Hatchery  
  15  1:12  Spawning Pool  
  15  1:14  Extractor, Drone  
  14  1:23  Drone x2  
  16  1:38  Drone x2  
  18  1:59  Zergling x4, Queen  
  22  2:05  Queen  
  25  2:08  Drone  
  25  2:21  Metabolic Boost  
  25  2:29  Overlord  
  25  2:30  Drone x2  
  25  2:33  Drone  
  28  2:53  Roach Warren  
  27  2:59  Extractor  
  27  3:05  Pneumatized Carapace  
  26  3:11  Hatchery  
  25  3:20  Drone  
  25  3:21  Drone x2  
  28  3:35  Drone x4  
  32  3:43  Drone  
  32  3:44  Drone  
  32  3:46  Overlord  
  34  4:00  Roach  
  34  4:01  Overlord  
  36  4:13  Roach  
  36  4:14  Drone  
  36  4:15  Drone x2  
  41  4:20  Roach  
  41  4:21  Roach  
  45  4:26  Lair  
  45  4:29  Extractor  
  44  4:31  Drone x3  
  44  4:36  Drone  
  44  4:37  Queen  
  50  4:48  Spore Crawler  
  49  4:54  Drone x4  
  53  5:08  Queen  
  53  5:13  Queen  
  53  5:14  Spore Crawler  
  56  5:17  Spore Crawler  
  56  5:19  Spore Crawler  
  54  5:22  Spore Crawler  
  54  5:23  Spore Crawler  
  54  5:24  Drone x2  
  54  5:25  Spore Crawler  
  54  5:27  Drone  
  54  5:41  Overseer  
  54  5:51  Drone  
  54  5:52  Drone x3  
  54  5:55  Overlord x2  
  58  5:58  Overlord  
  58  6:02  Overlord, Spire  
  57  6:10  Extractor  
  52  6:36  Queen x3  
  52  6:39  Spore Crawler  
  50  7:11  Queen x2  
  50  7:13  Corruptor  
  50  7:14  Corruptor x5  
  66  7:30  Corruptor  
  66  7:31  Corruptor x2  
  72  7:42  Hatchery  
  69  7:48  Drone x2  
  69  7:49  Drone x2  
  73  7:59  Drone x3  
  73  8:00  Drone x2  
  78  8:11  Queen  
  80  8:33  Spire  
  79  8:37  Spore Crawler  
  79  8:40  Spore Crawler  
  79  8:41  Drone x6, Spore Crawler  
  82  8:58  Queen x2  
  86  9:10  Extractor  
  86  9:12  Extractor  
  86  9:13  Glial Reconstitution  
  86  9:15  Baneling Nest  
  83  9:21  Overlord x2  
  83  9:38  Drone  
  83  9:39  Overlord x2, Drone x3  
  83  9:40  Hydralisk Den  
  86  9:46  Evolution Chamber  
  86  9:47  Zerg Flyer Weapons Level 1  
  85  9:56  Roach  
  85  9:57  Roach x8  
  85  9:58  Hatchery  
  102  10:06  Drone x3  
  105  10:22  Hydralisk x5  
  115  10:48  Roach x3  
  121  10:53  Overlord  
  121  10:54  Overlord x4  
  121  11:00  Overlord  
  121  11:01  Overlord  
  121  11:05  Lurker Den  
  120  11:24  Roach  
  120  11:25  Roach x3, Hatchery  
  127  11:28  Hatchery  
  127  11:31  Drone  
  127  11:37  Zerg Missile Weapons Level 1  
  121  12:10  Roach x6  
  121  12:11  Roach  
  135  12:24  Mutalisk x5  
  135  12:25  Mutalisk x2  
  135  12:26  Evolution Chamber  
  148  12:33  Drone  
  148  12:34  Drone  
  150  12:58  Roach x5  
  160  13:33  Roach x12  
  184  13:40  Zerg Ground Armor Level 1  
  182  13:44  Hydralisk  
  178  14:04  Grooved Spines, Hydralisk  
  178  14:08  Zerg Missile Weapons Level 2  
  180  14:18  Hatchery  
  180  14:19  Hydralisk x2  
  180  14:20  Overlord  
  183  14:34  Overlord x2  
  183  14:38  Extractor  
  182  14:58  Infestation Pit  
  181  15:00  Drone x12  
  193  15:34  Roach x6  
  193  15:35  Drone  
  200  15:39  Zerg Ground Armor Level 2  
  186  15:51  Drone x8  
  191  15:57  Lurker x6  
  193  16:17  Overseer  
  189  16:24  Overseer x3  
  187  16:43  Drone x5  
  187  16:46  Corruptor  
  194  16:49  Overlord x2  
  194  16:57  Hatchery  
  193  17:12  Hive  
  189  17:32  Roach x9  
  185  17:39  Roach x6  
  147  18:01  Drone x3  
  147  18:02  Roach x2  
  150  18:07  Ravager x3  
  122  18:42  Queen  
  122  18:43  Queen  
  126  18:57  Roach  
  126  18:58  Roach x18  
  153  19:34  Mutalisk  
  153  19:36  Roach x7  
  169  20:01  Hatchery  
  168  20:12  Roach x5  
  168  20:13  Roach  
  180  20:14  Drone  
  180  20:15  Drone x9  
  173  20:42  Spore Crawler x2  
  168  20:45  Spore Crawler  
  154  21:14  Spore Crawler  
  154  21:15  Spore Crawler  
  154  21:16  Spore Crawler  
  154  21:18  Spine Crawler x2  
  149  21:20  Spore Crawler  
  136  21:43  Drone x8  
  142  21:54  Spore Crawler  
  140  22:12  Ravager  
  140  22:13  Ravager x6  
  147  22:18  Drone x2  
  149  22:33  Lurker x3  
  152  22:39  Drone x7  
  152  22:40  Extractor  
  158  22:59  Roach  
  160  23:07  Queen  
  160  23:11  Spine Crawler  
  160  23:13  Roach x5  
  160  23:14  Roach x2  
  160  23:18  Drone  
  166  23:36  Zerg Missile Weapons Level 3  
  166  23:38  Drone x6  
  172  24:32  Zergling x14  
  179  24:52  Drone x9  
  186  25:02  Zergling x14  
  193  25:18  Hatchery  
  192  25:25  Hatchery  
  173  25:56  Roach  
  173  25:57  Roach x6  
  157  26:04  Roach x7  
  139  26:10  Drone x8  
  139  26:11  Drone x8  
  130  26:29  Roach x8  
  120  26:55  Roach  
  120  27:05  Hatchery  
  118  27:10  Drone  
  118  27:11  Drone x11  
  127  27:35  Mutalisk  
  127  27:36  Mutalisk x2  
  130  28:03  Corruptor  
  130  28:05  Drone x9  
  139  28:13  Extractor  
  139  28:15  Extractor  
  139  28:19  Extractor  
  134  28:48  Drone x4  
  134  28:49  Drone x6  
  134  28:50  Roach  
  134  28:51  Roach x9  
  163  29:04  Mutalisk  
  159  29:51  Queen  
  159  29:52  Queen x2  
  146  30:10  Hatchery  
  146  30:11  Zerg Ground Armor Level 3  
  145  30:20  Queen  
  147  30:27  Queen  
  149  30:30  Roach  
  149  30:31  Roach x7  
  149  30:32  Zergling x22  
  176  30:36  Hatchery  
  175  30:54  Mutalisk  
  175  30:55  Mutalisk  
  178  31:21  Roach x4  
  167  31:53  Infestor  
  161  32:04  Hatchery  
  116  32:21  Roach x2  
  116  32:22  Roach x10  
  136  32:39  Ravager x4  
  136  32:40  Ravager  
  139  32:45  Drone  
  139  32:47  Zergling x14  
  147  33:00  Hatchery  
  147  33:02  Spore Crawler x3  
  143  33:06  Neural Parasite  
  143  33:18  Infestor  
  145  33:28  Zerg Melee Weapons Level 1  
  145  33:41  Extractor  
  111  34:48  Roach x9  
  102  35:08  Roach x5  
  102  35:09  Roach x2  
  107  35:17  Roach x5  
  82  36:24  Roach x6  
  80  36:53  Roach x6  
  92  37:08  Drone x2  
  94  37:24  Drone x2  
  96  37:39  Zergling x2  
  96  37:40  Zergling x6  
  100  37:49  Hatchery  
  89  38:30  Drone  
  89  38:31  Drone x2  
  89  38:32  Zergling x14  
Tags
 
Add a new tag
Caveats
  • Supply blocks, unpowered buildings, or Contaminate may cause inaccurate times.
  • Supply counts are checked every 10 seconds.